 Dungeon Sprint DCSS version 0.24-a0-243-g8f5f5cd (webtiles) character file.

Game seed: 16241003856152133313

184 MikeHunt the Fighter (level 5, 0/66 HPs)
             Began as an Ogre Hunter on Apr 9, 2019.
             Was an Initiate of Okawaru.
             Slain by a scorpion (10 damage)
             ... in the Dungeon (Sprint IV: "Fedhas' Mad Dash").
             The game lasted 00:02:35 (425 turns).

MikeHunt the Fighter (Ogre Hunter)                   Turns: 425, Time: 00:02:35

Health: 0/66       AC:  3    Str: 16    XL:     5   Next: 63%
Magic:  5/5        EV: 12    Int: 12    God:    Okawaru [......]
Gold:   44         SH:  0    Dex: 10    Spells: 4/4 levels left

rFire    . . .     SeeInvis .   a - +0 short sword
rCold    . . .     Gourm    .   (no shield)
rNeg     . . .     Faith    .   b - +0 robe
rPois    .         Spirit   .   (helmet restricted)
rElec    .         Reflect  .   (no cloak)
rCorr    .         Harm     .   (gloves unavailable)
MR       .....     NoTele   +   (boots unavailable)
Stlth    +.........             l - amulet of invisibility {+Inv}
HPRegen  0.21/turn              (no ring)
MPRegen  0.09/turn              (no ring)

@: berserk cooldown, very slightly contaminated, slowed, very slow
A: large, unfitting armour, tough skin 1
a: Renounce Religion, Evoke Invisibility


You were in the Dungeon.
You worshipped Okawaru.
Okawaru was noncommittal.
You were not hungry.

You visited 1 branch You collected 44 gold pieces.

Inventory:

Hand Weapons
 a - a +0 short sword (weapon)
 m - a +3 hunting sling
Missiles
 c - 2 large rocks (quivered)
 d - 2 throwing nets
Armour
 b - a +0 robe (worn)
Jewellery
 l - the amulet of invisibility (around neck) {+Inv}
   (You found it in the Dungeon)

   [amulet of nothing]

   It lets you turn invisible.
Scrolls
 k - a scroll of blinking
 n - a scroll of immolation {unknown}
Potions
 g - 2 potions of heal wounds
 h - a potion of haste
 i - 2 potions of magic
Comestibles
 f - a ration


   Skills:
 + Level 8.8 Fighting
 + Level 7.5 Throwing
 + Level 6.0 Dodging
 - Level 0.6 Stealth


You had 4 spell levels left.
You didn't know any spells.
Your spell library was empty.

Dungeon Overview and Level Annotations

Branches:
Dungeon (1/1)

Altars:
Cheibriados
Dithmenos
Elyvilon
Gozag
Hepliaklqana
Kikubaaqudgha
Makhleb
Nemelex Xobeh
Okawaru
Qazlal
Ru
Sif Muna
Trog
Uskayaw
Vehumet
Wu Jian
Xom
Yredelemnul
Zin
The Shining One
Beogh
Jiyva
Lugonu


Innate Abilities, Weirdness & Mutations

You are too large for most types of armour.
You have tough skin. (AC +1)


Message History

Aim: a scorpion You throw a large rock.
The large rock barely misses the scorpion.
You feel sick.
The scorpion stings you but does no damage.
The scorpion stings you.
* * * LOW HITPOINT WARNING * * *
You are lethally poisoned!
The scorpion poisons you! The scorpion stings you!
* * * LOW HITPOINT WARNING * * *
Unknown command.
You feel better. The scorpion stings you.
* * * LOW HITPOINT WARNING * * *
Throwing (i - inventory. (/) - cycle)
c - 3 large rocks (quivered)
Press: ? - help, Shift-Dir - straight line, f/p - scorpion
Aim: a scorpion You throw a large rock.
The large rock closely misses the scorpion.
The scorpion stings you!
You die...

######################
#.⌠._._._._.⌠.#.@s$.(#
'.._._._._._..'.)#$.$#
#..._._._._...#..# #+#
#.._._._._._..#.[#
#._._._._._.⌠.####
###############


You could see a scorpion.

Vanquished Creatures
  3 oklob saplings (D)
  A worker ant (D)
  2 spriggans (D)
  A river rat (D)
  A rat (D)
8 creatures vanquished.

Notes
Turn   | Place    | Note
-------+----------+-------------------------------------------
     0 | D        | MikeHunt the Ogre Hunter began the quest for the Orb.
     0 | D        | Reached XP level 1. HP: 22/22 MP: 1/1
     8 | D        | Reached skill level 4 in Fighting
     8 | D        | Reached XP level 2. HP: 11/32 MP: 2/2
   225 | D        | Noticed an oklob sapling
   226 | D        | Killed an oklob sapling
   226 | D        | Reached skill level 5 in Fighting
   226 | D        | Reached skill level 5 in Throwing
   226 | D        | Reached XP level 3. HP: 42/42 MP: 3/3
   231 | D        | Found the amulet of invisibility {+Inv}
   232 | D        | Reached skill level 6 in Fighting
   232 | D        | Reached XP level 4. HP: 46/52 MP: 4/4
   255 | D        | Found an opulent altar of Gozag.
   255 | D        | Found a hazy altar of Hepliaklqana.
   255 | D        | Found a burning altar of Makhleb.
   255 | D        | Found a roughly hewn altar of Beogh.
   255 | D        | Found a sparkling altar of Nemelex Xobeh.
   255 | D        | Found a snail-covered altar of Cheibriados.
   255 | D        | Found a sacrificial altar of Ru.
   255 | D        | Found a deep blue altar of Sif Muna.
   255 | D        | Found a shimmering altar of Xom.
   255 | D        | Found a basalt altar of Yredelemnul.
   256 | D        | Found a viscous altar of Jiyva.
   256 | D        | Found a bloodstained altar of Trog.
   256 | D        | Found an ornate altar of the Wu Jian Council.
   256 | D        | Noticed an oklob sapling priest
   257 | D        | Killed an oklob sapling priest
   257 | D        | Reached skill level 7 in Fighting
   257 | D        | Reached skill level 5 in Dodging
   258 | D        | Found an iron altar of Okawaru.
   258 | D        | Found a shadowy altar of Dithmenos.
   258 | D        | Found a glowing silver altar of Zin.
   259 | D        | Found an ancient bone altar of Kikubaaqudgha.
   259 | D        | Found a hide-covered altar of Uskayaw.
   260 | D        | Found a stormy altar of Qazlal.
   260 | D        | Found a white marble altar of Elyvilon.
   260 | D        | Found a glowing golden altar of the Shining One.
   261 | D        | Found a corrupted altar of Lugonu.
   261 | D        | Found a radiant altar of Vehumet.
   267 | D        | Became a worshipper of Warmaster Okawaru
   290 | D        | Reached skill level 8 in Fighting
   290 | D        | Reached XP level 5. HP: 63/63 MP: 5/5
   423 | D        | HP: 2/66 [scorpion (7)]
   425 | D        | Slain by a scorpion

Levels and vault maps discovered:
D:        dungeon_sprint_fedhas [sprint_temple]

Skill      XL: |  1  2  3  4  5 |
---------------+----------------+-----
Fighting       | 4 5 6 8 |  8.8
Dodging        | 2 3 4 5 6 |  6.0
Throwing       | 5 7 |  7.5
Stealth        | |  0.6

Action                   |  1- 3 |  4- 6 || total
-------------------------+-------+-------++-------
Melee: Short sword       |     2 |    15 ||    17
Throw: Large rock        |     8 |     4 ||    12
 Abil: Evoke Invisibilit |       |     2 ||     2
  Use: Potion            |       |     2 ||     2
Armor: Robe              |     1 |     1 ||     2
Dodge: Dodged            |     3 |     7 ||    10

Table legend:
 A = Non-vault XP
 B = Vault XP
 C = Vault XP percentage of total XP
 D = Non-vault monster count
 E = Vault monster count
 F = Vault count percentage of total count
                 A         B        C        D         E       F
            +---------+---------+-------+---------+---------+-------
      Total |       0 |     263 | 100.0 |       0 |       8 | 100.0
            +---------+---------+-------+---------+---------+-------
          D |       0 |     263 | 100.0 |       0 |       8 | 100.0
            +---------+---------+-------+---------+---------+-------
